 Dungeon Crawl Stone Soup version 0.30-a0-760-g5a9884bb7c (webtiles) character file.

Game seed: 9164223692733905929

5 kae the Digger (level 1, 0/10 HPs)
             Began as a Gargoyle Earth Elementalist on Feb 10, 2023.
             Frozen to death by an endoplasm (2 damage)
             ... on level 1 of the Dungeon.
             The game lasted 00:00:09 (84 turns).

kae the Digger (Gargoyle Earth Elementalist)          Turns: 84, Time: 00:00:10

Health: 0/10       AC:  4    Str: 11    XL:     1   Next: 80%
Magic:  1/3        EV: 11    Int: 15    God:
Gold:   0          SH:  0    Dex: 10    Spells: 3/4 levels left

rFire   . . .      SeeInvis .    (no weapon)
rCold   . . .      Faith    .    (no shield)
rNeg    + . .      Spirit   .    a - +0 robe
rPois   ∞          Reflect  .    (no helmet)
rElec   +          Harm     .    (no cloak)
rCorr   .          Rampage  .    (no gloves)
Will    .....                    (no boots)
Stlth   ++                       (no amulet)
HPRegen 0.21/turn                (no ring)
MPRegen 0.08/turn                (no ring)

@: no status effects
A: sickness immunity, AC +2, negative energy resistance 1, electricity
resistance, torment resistance 1, petrification resistance
a: no special abilities


You were on level 1 of the Dungeon.
You visited 1 branch of the dungeon, and saw 1 of its levels.


Innate Abilities, Weirdness & Mutations

You are immune to sickness and miasma.
Your stone body is resilient. (AC +2)
You are immune to poison.
You resist negative energy. (rN+)
You are resistant to electric shocks. (rElec)
You are resistant to unholy torment.
You are immune to petrification.


   Skills:
 - Level 1.5 Dodging
 - Level 2.1 Stealth
 + Level 2.1 Spellcasting
 - Level 0.7 Transmutations
 * Level 4.0 Earth Magic


You had 3 spell levels left.
You knew the following spells:

 Your Spells              Type           Power      Damage    Failure   Level
a - Sandblast             Erth           26%        2d8       4%          1

Your spell library contained the following spells:

 Spells                   Type           Power      Damage    Failure   Level
 Passwall                 Tmut/Erth      6%         N/A       13%         2
 Stone Arrow              Conj/Erth      14%        3d7       28%         3
 Petrify                  Tmut/Erth      8%         N/A       63%         4

Inventory:

Missiles
 d - 8 stones
Armour
 a - a +0 robe (worn)
Potions
 c - a potion of degeneration {unknown}
 e - a potion of mutation {unknown}

Dungeon Overview and Level Annotations

Branches:
Dungeon (1/15) Zot: 5912

Altars:

♣♣♣..♣ #.⌠..
♣...♣♣ #....
♣....♣ #....
♣♣....♣♣###..
#♣......♣.♣###
#####.........♣♣♣
#...............♣♣
#.########♣♣♣....♣
#@# ###♣.. #J# ##♣
########K#
.....†...#
..........#
...........#
...........#
...........#
............


You could see an endoplasm and a kobold.


Message History

A kobold comes into view. It is wielding a +0 dagger.
A kobold comes into view.
It is wielding a +0 short sword. 😎 MP[-1]
You lost 1 mp, and now have 2/3 mp.
Casting: Sandblast (safe; 4% risk of failure)
Confirm with . or Enter, or press ? or * to list all spells.
Aiming: Sandblast (safe; 4% risk of failure)
Press: ? - help, Shift-Dir - straight line, f/p - bat
Aim: a bat (73% to hit)
The blast of sand hits the bat!
You kill the bat!
The kobold shouts!
An endoplasm comes into view. 😎 MP[-1]
You lost 1 mp, and now have 1/3 mp.
Casting: Sandblast (safe; 4% risk of failure)
Confirm with . or Enter, or press ? or * to list all spells.
Aiming: Sandblast (safe; 4% risk of failure)
Press: ? - help, Shift-Dir - straight line, f - hobgoblin
Aim: a hobgoblin (82% to hit)
The blast of sand misses the hobgoblin.
The rat bites you but does no damage.
The hobgoblin closely misses you. 😎 MP[-1]
You lost 1 mp, and now have 0/3 mp.
The rat attacks as you move away! The rat closely misses you.
The hobgoblin attacks as you move away! The hobgoblin closely misses you.
Casting: Sandblast (safe; 4% risk of failure)
Confirm with . or Enter, or press ? or * to list all spells.
You don't have enough magic to cast this spell.
You hit the hobgoblin.
The hobgoblin hits you but does no damage.
Unknown command.
You hit the hobgoblin. The hobgoblin hits you. 😕 HP[-1]
You take 1 damage, and now have 9/10 hp.
You hit the hobgoblin.
The hobgoblin hits you but does no damage.
You hit the hobgoblin.
You kill the hobgoblin!
You hit the rat. The rat bites you. 😮 HP[-3] MP[+1]
You take 3 damage, and now have 6/10 hp.
MASSIVE DAMAGE!! (PAUSE)
You closely miss the rat. The rat bites you.
* * * LOW HITPOINT WARNING * * *
😨 HP[-2]
You take 2 damage, and now have 4/10 hp.
You hit the rat.
You kill the rat!
The ball python closely misses you. The ball python grabs you.
The ball python constricts you.
Casting: Sandblast (safe; 4% risk of failure)
Confirm with . or Enter, or press ? or * to list all spells.
Aiming: Sandblast (safe; 4% risk of failure)
Press: ? - help, Shift-Dir - straight line, f - ball python
Aim: a ball python (constricting you, 80% to hit)
The blast of sand hits the ball python.
You kill the ball python!
The kobold barely misses you. 😨 MP[-1]
You lost 1 mp, and now have 0/3 mp.
You hit the kobold. The kobold barely misses you.
You barely miss the kobold.
The kobold barely misses you. 😨 HP[+1] Unknown command.
You barely miss the kobold. The kobold barely misses you.
You barely miss the kobold. The kobold hits you with a +0 dagger.
* * * LOW HITPOINT WARNING * * *
😨 HP[-1]
You take 1 damage, and now have 4/10 hp.
You barely miss the kobold. The kobold hits you with a +0 dagger.
* * * LOW HITPOINT WARNING * * *
😱 HP[-2]
You take 2 damage, and now have 2/10 hp.
Unknown command.
Magic courses through your body. The kobold hits you with a +0 dagger.
* * * LOW HITPOINT WARNING * * *
😱 HP[-1] MP[+3]
You take 1 damage, and now have 1/10 hp.
Your mp is fully restored (3).
Casting: Sandblast (safe; 4% risk of failure)
Confirm with . or Enter, or press ? or * to list all spells.
Aiming: Sandblast (safe; 4% risk of failure)
Press: ? - help, Shift-Dir - straight line, f - kobold
Aim: a kobold, wielding a +0 dagger (severely wounded, 77% to hit)
The blast of sand hits the kobold!
You kill the kobold!
Your Earth Magic skill increases to level 4! 😱 HP[+1] MP[-1]
You lost 1 mp, and now have 2/3 mp.
Casting: Sandblast (safe; 4% risk of failure)
Confirm with . or Enter, or press ? or * to list all spells.
Aiming: Sandblast (safe; 4% risk of failure)
Press: ? - help, Shift-Dir - straight line, f - endoplasm
Aim: an endoplasm (98% to hit)
The blast of sand hits the endoplasm.
The endoplasm freezes you.
You are frozen.
You die...

Skill      XL: |  1 |
---------------+----+-----
Earth Magic    | 4 |  4.0
Dodging        | |  1.5
Stealth        | |  2.1
Spellcasting   | |  2.1
Transmutations | |  0.7

Action                     || total
---------------------------++-------
  Melee: Unarmed           ||    12
   Cast: Sandblast         ||     6
    Use: Potion            ||     1
 Armour: Robe              ||     4
  Dodge: Dodged            ||     8

Levels and vault maps discovered:
D:1:      sevenhm_arrival_forest_fort_large_2, layout_rooms, minmay_misc_feat_x

Notes
Turn   | Place    | Note
-------+----------+-------------------------------------------
     0 | D:1      | kae the Gargoyle Earth Elementalist began the quest for the
                  | Orb.
     0 | D:1      | Reached XP level 1. HP: 10/10 MP: 3/3
     0 | D:1      | magus.rc [v1.11.3]
    81 | D:1      | HP: 2/10 [kobold/+0 dagger (2)]
    84 | D:1      | Reached skill level 4 in Earth Magic
    84 | D:1      | Frozen to death by an endoplasm

Vanquished Creatures
  A ball python (D:1)
  A bat (D:1)
  A hobgoblin (D:1)
  A kobold (D:1)
  A rat (D:1)
5 creatures vanquished.

Table legend:
 A = Non-vault XP
 B = Vault XP
 C = Vault XP percentage of total XP
 D = Non-vault monster count
 E = Vault monster count
 F = Vault count percentage of total count
                 A         B        C        D         E       F
            +---------+---------+-------+---------+---------+-------
      Total |       8 |       0 |   0.0 |       5 |       0 |   0.0
            +---------+---------+-------+---------+---------+-------
        D:1 |       8 |       0 |   0.0 |       5 |       0 |   0.0
            +---------+---------+-------+---------+---------+-------

Illustrated notes

Table legend:
 A = Kills in this place as a percentage of kills in entire the game.
 B = Kills by you in this place as a percentage of kills by you in the entire game.
 C = Kills by friends in this place as a percentage of kills by friends in the entire game.
 D = Other kills in this place as a percentage of other kills in the entire game.
 E = Experience gained in this place as a percentage of experience gained in the entire game.
 F = Experience gained in this place divided by the number of levels of this place that you have seen.
                   A       B       C       D       E      F
               +-------+-------+-------+-------+-------+----------------------
         Total | 100.0 | 100.0 |   N/A |   N/A | 100.0 |   8.0
       Dungeon | 100.0 | 100.0 |   N/A |   N/A | 100.0 |   8.0
               +-------+-------+-------+-------+-------+----------------------

Table legend: (Time is in decaauts)
 A = Elapsed time spent in this place.
 B = Non-inter-level travel time spent in this place.
 C = Inter-level travel time spent in this place.
 D = Time resting spent in this place.
 E = Time spent auto-exploring this place.
 F = Levels seen in this place.
 G = Mean time per level.
                   A        B        C        D        E       F      G
               +--------+--------+--------+--------+--------+-----+--------+
         Total |     86 |     86 |      0 |      0 |     59 |   1 |   86.0 |
       Dungeon |     86 |     86 |      0 |      0 |     59 |   1 |   86.0 |
               +--------+--------+--------+--------+--------+-----+--------+

Top non-repeatable levels by time:
     D:1: 86 daAuts
